 Dungeon Crawl Stone Soup version 0.23-a0-171-g5ae17c6e89 (webtiles) character file.

4869 Jesh the Unseen (level 10, -4/47 (48) HPs)
             Began as a Spriggan Enchanter on Sept 15, 2018.
             Was a Believer of Dithmenos.
             Slain by a killer bee (12 damage)
             ... on level 8 of the Dungeon.
             The game lasted 00:23:28 (8699 turns).

Jesh the Unseen (Spriggan Enchanter)                Turns: 8699, Time: 00:23:29

HP:   -4/47 (48)    AC:  7    Str:  6    XL:     10   Next: 26%
MP:   9/21          EV: 22    Int: 22    God:    Dithmenos [**....]
Gold: 3594          SH:  0    Dex: 17    Spells: 10/22 levels left

rFire    . . .     SeeInvis +   i - +8 dagger
rCold    + . .     Gourm    .   (shield restricted)
rNeg     . . .     Faith    .   b - +2 robe
rPois    +         Spirit   .   (helmet restricted)
rElec    .         Reflect  .   (no cloak)
rCorr    .         Harm     .   (gloves unavailable)
MR       +....                  (boots unavailable)
Stlth    ++++++++..             x - amulet of regeneration
HPRegen  0.55/turn              k - +3 ring of protection
MPRegen  0.17/turn              o - +4 ring of intelligence

@: lethally poisoned (-4 -> -12), very slightly contaminated, wreathed by umbra,
studying Axes, invisible, very quick
A: very small, unfitting armour, see invisible, cold resistance 1, herbivore,
speed 3, poison resistance, screaming 1, slow metabolism 2
a: Shadow Step, Renounce Religion


You were on level 8 of the Dungeon.
You worshipped Dithmenos.
Dithmenos was pleased with you.
You were not hungry.

You visited 2 branches of the dungeon, and saw 9 of its levels.

You collected 3594 gold pieces.

Inventory:

Hand Weapons
 i - a +8 dagger (weapon)
 q - a +0 short sword of flaming
Missiles
 t - a throwing net (quivered)
Armour
 b - a +2 robe (worn)
Jewellery
 k - a +3 ring of protection (left hand)
 o - a +4 ring of intelligence (right hand)
 p - an uncursed ring of fire
 x - an amulet of regeneration (around neck)
Wands
 g - a wand of random effects (33)
 n - a wand of scattershot (7)
 s - a wand of iceblast (16)
 v - a wand of acid (5)
Scrolls
 a - 2 scrolls of remove curse
 c - a scroll of enchant armour
 e - 7 scrolls of teleportation
 h - 3 scrolls of fog
 j - 4 scrolls of identify
 r - 2 scrolls of amnesia
 u - a scroll of blinking
 w - a scroll of magic mapping
Potions
 f - 2 potions of agility
 l - a potion of haste
Books
 y - a manual of Axes
Comestibles
 d - 15 rations


   Skills:
 + Level 2.9 Fighting
 + Level 4.2 Short Blades
 + Level 6.3 Dodging
 + Level 16.7 Stealth
 + Level 6.9 Spellcasting
 + Level 7.3 Hexes


You had 10 spell levels left.
You knew the following spells:

 Your Spells              Type           Power        Failure   Level  Hunger
a - Ensorcelled Hibernat  Hex/Ice        ###...       2%          2    None
b - Corona                Hex            #####..      1%          1    None
c - Confuse               Hex            #####...     1%          3    None
d - Tukima's Dance        Hex            #####...     1%          3    None
e - Dazzling Spray        Conj/Hex       ###...       5%          3    None

Your spell library contained the following spells:

 Spells                   Type           Power        Failure   Level  Hunger
 Slow                     Hex            #####...     1%          2    None
 Summon Guardian Golem    Hex/Summ       ###.....     5%          3    None
 Magic Dart               Conj           #...         9%          1    None
 Summon Small Mammal      Summ           #...         9%          1    None
 Blink                    Tloc           N/A          13%         2    None
 Call Imp                 Summ           #.......     13%         2    None
 Call Canine Familiar     Summ           #.......     26%         3    None
 Conjure Flame            Conj/Fire      #.......     26%         3    None
 Mephitic Cloud           Conj/Pois/Air  #.......     26%         3    None
 Summon Ice Beast         Ice/Summ       #.......     63%         4    ###....
 Summon Lightning Spire   Summ/Air       #.......     63%         4    ###....


Dungeon Overview and Level Annotations

Branches:
Dungeon (8/15)             Temple (1/1) D:6
   Lair: D:8-11

Altars:
Ashenzari
Cheibriados
Dithmenos
Elyvilon
Fedhas
Gozag
Hepliaklqana
Kikubaaqudgha
Makhleb
Nemelex Xobeh
Okawaru
Qazlal
Ru
Sif Muna
Trog
Uskayaw
Vehumet
Wu Jian
Xom
Yredelemnul
Zin
The Shining One

Shops:
D:8 *


Innate Abilities, Weirdness & Mutations

You are very small and have problems with some larger weapons.
You are too small for most types of armour.
You have supernaturally acute eyesight. (SInv)
You are a herbivore.
You cover ground extremely quickly.
You need to consume almost no food.
Your flesh is cold resistant. (rC+)
Your system is resistant to poisons. (rPois)
You occasionally shout uncontrollably at your foes.


Message History

Aiming: Dazzling Spray (safe; 5% risk of failure)
Press: ? - help, Shift-Dir - straight line, p - centaur The spray of energy hits the centaur.
The centaur is lightly wounded.
The spray of energy hits the queen bee.
You kill the queen bee!
Dithmenos accepts your kill.
You feel sick. The killer bee barely misses you. The centaur misses you.
The killer bee completely misses you. The centaur completely misses you.
Okay, then.
Unknown command.
You feel sick. The killer bee stings you.
The centaur wields an uncursed shortbow.
The centaur shoots an arrow.
The arrow hits you!
* * * LOW HITPOINT WARNING * * *
You see here an arrow.
You fade into invisibility!
* * * LOW HITPOINT WARNING * * *
You feel sick. The killer bee completely misses you. The killer bee stings you!
You die...

#. #.###### #. ####...... #.
#####.......### ###.
#####...........'.. #...
................# #..[
###............#
#...###.###....(..c..#
#..#.#.#.#...#..y....####
..###.#.#%##....@.(.......
..#..#.#.#.#.#.########.##
..###.#.#.##...# #.#
††##.#.#.###..## #.#
#...#.#.#.#..## #.#
#..###.####..# #.#
.....##.#....##########.#########
..†.....†.†......................
...#).######..#####.###.........†


You could see a centaur and a killer bee (berserk).

Vanquished Creatures
  Joseph (D:8)
  Psyche (D:8)
  A queen bee (D:8)
  A wyvern (D:8)
  An acid dragon (D:8)
  2 ice beasts
  3 orc warriors
  2 sky beasts
  2 hornet zombies
  4 necrophages (D:7)
  3 ogres
  5 centaurs
  2 bullfrogs (D:6)
  A big kobold (D:7)
  A scorpion (D:4)
  11 killer bees (D:8)
  5 wights (D:7)
  2 howler monkeys
  4 crimson imps
  3 hounds
  A jelly (D:5)
  A centaur skeleton (D:8)
  An orc priest (D:7)
  6 iguanas
  5 worker ants
  Natasha (D:4)
  3 orc wizards
  2 hound zombies
  2 howler monkey zombies (D:7)
  A worker ant zombie (D:7)
  14 adders
  A shadow imp (D:5)
  2 oozes
  2 adder skeletons
  2 adder zombies (D:8)
  4 worms
  2 dart slugs
  6 leopard geckos
  15 orcs
  2 ball pythons
  8 bats
  5 giant cockroaches
  5 goblins
  9 hobgoblins
  7 jackals
  9 kobolds
  3 quokkas
  6 frilled lizards
  A jackal skeleton (D:4)
  5 rats
186 creatures vanquished.

Notes
Turn   | Place    | Note
-------+----------+-------------------------------------------
     0 | D:1      | Jesh the Spriggan Enchanter began the quest for the Orb.
     0 | D:1      | Reached XP level 1. HP: 9/9 MP: 5/5
   711 | D:1      | Reached XP level 2. HP: 13/13 MP: 7/7
   715 | D:1      | Learned a level 2 spell: Ensorcelled Hibernation
  1150 | D:2      | Reached XP level 3. HP: 15/16 MP: 6/9
  1155 | D:2      | Learned a level 3 spell: Confuse
  1159 | D:2      | Learned a level 3 spell: Tukima's Dance
  1838 | D:2      | Reached XP level 4. HP: 21/21 MP: 11/11
  1903 | D:2      | Reached skill level 5 in Hexes
  1985 | D:2      | Found a sparkling altar of Nemelex Xobeh.
  3056 | D:3      | Gained mutation: You occasionally shout uncontrollably at
                  | your foes. [potion of mutation]
  3056 | D:3      | Gained mutation: You do not regenerate when monsters are
                  | visible. [potion of mutation]
  3056 | D:3      | Gained mutation: Your flesh is cold resistant. (rC+)
                  | [potion of mutation]
  3056 | D:3      | Gained mutation: Your system is resistant to poisons.
                  | (rPois) [potion of mutation]
  3098 | D:3      | Reached XP level 5. HP: 24/24 MP: 10/13
  3436 | D:4      | Noticed an ogre
  3449 | D:4      | Reached skill level 5 in Stealth
  3590 | D:4      | Reached skill level 6 in Stealth
  3653 | D:4      | Noticed an ogre
  3660 | D:4      | Killed an ogre
  3660 | D:4      | Reached skill level 7 in Stealth
  3660 | D:4      | Reached XP level 6. HP: 28/28 MP: 7/14
  3928 | D:4      | Reached skill level 8 in Stealth
  3937 | D:4      | Reached skill level 9 in Stealth
  4158 | D:4      | Noticed Natasha
  4166 | D:4      | Killed Natasha
  4166 | D:4      | Reached XP level 7. HP: 32/32 MP: 8/15
  4291 | D:5      | Entered Level 5 of the Dungeon
  4326 | D:5      | Reached skill level 10 in Stealth
  4368 | D:5      | Lost mutation: You do not regenerate when monsters are
                  | visible. [potion of mutation]
  4368 | D:5      | Gained mutation: You are frail. (-10% HP) [potion of
                  | mutation]
  4368 | D:5      | Lost mutation: You are frail. (-10% HP) [potion of
                  | mutation]
  4433 | D:5      | Reached skill level 11 in Stealth
  4724 | D:5      | Reached skill level 12 in Stealth
  5212 | D:5      | Reached XP level 8. HP: 36/36 MP: 14/16
  5508 | D:5      | Reached skill level 13 in Stealth
  5513 | D:5      | Learned a level 3 spell: Dazzling Spray
  5869 | D:6      | Reached skill level 14 in Stealth
  6082 | D:6      | Found a staircase to the Ecumenical Temple.
  6088 | Temple   | Entered the Ecumenical Temple
  6245 | Temple   | Became a worshipper of Dithmenos the Shadowed
  6430 | D:7      | Reached skill level 15 in Stealth
  6620 | D:7      | Reached XP level 9. HP: 22/38 MP: 1/17
  6818 | D:7      | Reached skill level 5 in Spellcasting
  7142 | D:7      | Reached skill level 16 in Stealth
  7316 | D:7      | Reached * piety under Dithmenos
  7519 | D:7      | Identified a scroll of acquirement
  7643 | D:7      | Reached skill level 1 in Fighting
  8226 | D:8      | Reached skill level 5 in Dodging
  8275 | D:8      | Reached ** piety under Dithmenos
  8399 | D:8      | Noticed Joseph
  8401 | D:8      | Killed Joseph
  8498 | D:8      | Found Jyitim's Assorted Antiques.
  8545 | D:8      | Reached XP level 10. HP: 46/46 MP: 20/20
  8599 | D:8      | Noticed Psyche
  8614 | D:8      | Killed Psyche
  8699 | D:8      | Slain by a killer bee

Vault maps used:
D:1:      minmay_arrival_semitransparent
D:2:      nemelex_xobeh_ov_fountains_minmay, minmay_misc_feat_four_crosses
D:3:      kb_forest_paths
D:4:      uniq_natasha
D:5:      first_ration
D:6:      minmay_temple_entry_hall
D:7:      serial_undead, serial_undead_b, serial_undead_d, serial_undead_d,
          serial_undead_e, serial_park_tiny_2
D:8:      special_room, serial_shops, nicolae_shop_statue_plus, david_nohive_1,
          grunt_potential, uniq_psyche, uniq_joseph, uniq_erica
Temple:   kilobyte_greek_temple

Skill      XL: |  1  2  3  4  5  6  7  8  9 10 |
---------------+-------------------------------+-----
Spellcasting   | 3 4 6 |  6.9
Hexes          | 4 5 6 7 |  7.3
Stealth        | 7 9 12 15 16 | 16.7
Fighting       | 2 |  2.9
Short Blades   | 3 4 |  4.2
Dodging        | 5 6 |  6.3

Action                   |  1- 3 |  4- 6 |  7- 9 | 10-12 || total
-------------------------+-------+-------+-------+-------++-------
Melee: Dagger            |    57 |   135 |   278 |    36 ||   506
 Cast: Corona            |     2 |       |       |       ||     2
       Ensorcelled Hiber |    14 |    49 |    37 |     1 ||   101
       Confuse           |       |     5 |    33 |       ||    38
       Dazzling Spray    |       |       |     6 |     4 ||    10
Evoke: Wand              |       |     3 |     4 |       ||     7
  Use: Scroll            |     9 |     4 |    10 |       ||    23
       Potion            |       |     3 |     3 |     4 ||    10
 Stab: Sleeping          |    20 |    30 |    45 |       ||    95
       Confused          |       |     4 |    16 |       ||    20
       Distracted        |       |     1 |     2 |       ||     3
       Invisible         |       |       |     1 |    11 ||    12
  Eat: Ration            |       |     2 |     3 |       ||     5
Armor: Robe              |     5 |    19 |    48 |     2 ||    74
Dodge: Dodged            |    25 |   122 |   282 |    32 ||   461

Table legend:
 A = Non-vault XP
 B = Vault XP
 C = Vault XP percentage of total XP
 D = Non-vault monster count
 E = Vault monster count
 F = Vault count percentage of total count
                 A         B        C        D         E       F
            +---------+---------+-------+---------+---------+-------
      Total |    3808 |    3149 |  45.3 |     140 |      46 |  24.7
            +---------+---------+-------+---------+---------+-------
        D:1 |      21 |       0 |   0.0 |      12 |       0 |   0.0
        D:2 |     114 |       0 |   0.0 |      22 |       0 |   0.0
        D:3 |      74 |      14 |  15.9 |      24 |       6 |  20.0
        D:4 |     488 |      35 |   6.7 |      14 |       1 |   6.7
        D:5 |     740 |       0 |   0.0 |      16 |       0 |   0.0
        D:6 |     489 |       0 |   0.0 |      15 |       0 |   0.0
        D:7 |     982 |     735 |  42.8 |      28 |      10 |  26.3
        D:8 |     900 |    2365 |  72.4 |       9 |      29 |  76.3
            +---------+---------+-------+---------+---------+-------
